 Dungeon Crawl Stone Soup version 0.30.0-2-g1aa4bd4387 (webtiles) character file.

Game seed: 3830104873323185401

811 Jarnaxa the Covered (level 7, -1/62 HPs)
             Began as a Minotaur Fighter on May 7, 2023.
             Was a Believer of Wu Jian.
             Succumbed to Blork the orc's poison
             ... on level 5 of the Dungeon.
             The game lasted 00:06:38 (3962 turns).

Jarnaxa the Covered (Minotaur Fighter)              Turns: 3962, Time: 00:06:38

Health: -1/62      AC: 10    Str: 23    XL:     7   Next: 61%
Magic:  6/6        EV: 10    Int:  5    God:    Wu Jian [**....]
Gold:   350        SH:  4    Dex:  9    Spells: 6/6 levels left

rFire   . . .        a - +0 long sword
rCold   . . .        c - +0 buckler
rNeg    . . .        b - +1 scale mail
rPois   .            (helmet restricted)
rElec   .            (no cloak)
rCorr   .            v - +0 pair of gloves
SInv    .            (no boots)
Will    .....        g - amulet of faith Stlth
                     (no ring)
HPRegen 0.30/turn    (no ring)
MPRegen 0.10/turn

%: faith
@: mighty, lethally poisoned (-1 -> -27)
A: horns 2, retaliatory headbutt
a: Renounce Religion, Wall Jump


You were on level 5 of the Dungeon.
You worshipped Wu Jian.
Wu Jian was pleased with you.
You visited 1 branch of the dungeon, and saw 5 of its levels.

You collected 350 gold pieces.

Inventory:

Hand Weapons
 a - a +0 long sword (weapon)
Armour
 b - a +1 scale mail (worn)
 c - a +0 buckler (worn)
 v - a +0 pair of gloves (worn)
Jewellery
 e - a +6 ring of intelligence
 g - an amulet of faith (around neck)
 n - a ring of wizardry
 q - an amulet of guardian spirit
Wands
 j - a wand of light (11)
Scrolls
 f - 5 scrolls of teleportation
 h - a scroll of noise
 o - 2 scrolls of poison
 p - 2 scrolls of identify
 s - a scroll of amnesia {unknown}
 u - a scroll of vulnerability {unknown}
Potions
 i - 4 potions of curing
 k - 2 potions of brilliance
 l - a potion of heal wounds {unknown}
 m - 2 potions of degeneration
 r - a potion of lignification {unknown}
 t - a potion of mutation {unknown}
 w - a potion of attraction {unknown}
 x - a potion of magic {unknown}


   Skills:
 + Level 5.7 Fighting
 + Level 6.3 Long Blades
 + Level 6.8 Armour
 + Level 2.2 Dodging
 + Level 0.2 Stealth
 + Level 4.6 Shields


You had 6 spell levels left.
You didn't know any spells.
Your spell library contained the following spells:

 Spells                   Type           Power      Damage    Failure   Level
 Apportation              Tloc           0%         N/A       83%         1
 Freeze                   Ice            0%         1d3       83%         1
 Necrotise                Necr           0%         1d4       83%         1
 Summon Small Mammal      Summ           0%         N/A       83%         1
 Frozen Ramparts          Ice            0%         1d1       99%         3
 Hailstorm                Conj/Ice       0%         3d3       99%         3


Dungeon Overview and Level Annotations

Branches:
Dungeon (5/15)
 Temple: D:4-7

Altars:
Dithmenos
Elyvilon
Fedhas
Kikubaaqudgha
Wu Jian
Xom

Shops:
D:2 :   D:3 [

Annotations:
D:5 Blork the orc


Innate Abilities, Weirdness & Mutations

You have a pair of horns on your head.
You reflexively headbutt those who attack you in melee.


Message History

You feel very sick. You block Blork the orc's attack.
The orc hits you but does no damage. The orc barely misses you.
The ice beast completely misses you. Blork the orc barely misses you.
You feel very mighty all of a sudden.
You feel sick.
Blork the orc hits you from afar with a +1 glaive of venom!
You are more poisoned.
The orc misses you. The orc hits you but does no damage.
The ice beast hits you but does no damage.
You slash the ice beast!
The ice beast is moderately wounded.
You feel very sick. You block Blork the orc's attack.
The orc barely misses you. You furiously retaliate!
You headbutt the orc!
You kill the orc!
The Council accepts your kill. The orc barely misses you.
You furiously retaliate!
You headbutt the orc!
You kill the orc!
The Council accepts your kill.
The ice beast hits you but does no damage.
Blork the orc hits you but does no damage.
You are more poisoned.
You slash the ice beast!
The ice beast is almost dead.
You feel very sick.
Blork the orc hits you from afar with a +1 glaive of venom!
* * * LOW HITPOINT WARNING * * *
You are more poisoned.
The ice beast hits you but does no damage.
You block Blork the orc's attack.
You closely miss the ice beast.
The ice beast is severely wounded.
* * * LOW HITPOINT WARNING * * *
You feel extremely sick. The ice beast barely misses you.
You block Blork the orc's attack.
You slash the ice beast!
You kill the ice beast!
The Council accepts your kill.
You die...

...#......#
..........#
..........#
..P.......#
..........#
......o...#
.......)).#
.......@).#
..P.#.....#
. #.....#
#.....#
#.....#
#.....#
#.....#
#....>#
#.....#


You could see Blork the orc (fast).

Vanquished Creatures
  An ice beast (D:5)
  An ogre (D:4)
  The ghost of rlgrobin the Trooper, an amateur DsFi (D:4)
  A phantom (D:5)
  2 scorpions (D:4)
  3 hounds
  An iguana (D:4)
  Natasha (thrice) (D:2)
  3 gnolls (D:4)
  11 adders
  5 worms
  6 dart slugs
  6 orcs
  4 bats
  6 endoplasms
  A giant cockroach (D:1)
  8 goblins
  9 hobgoblins
  11 jackals
  10 kobolds
  4 quokkas
  6 ball pythons
  A frilled lizard (D:2)
  10 rats
114 creatures vanquished.

Notes
Turn   | Place    | Note
-------+----------+-------------------------------------------
     0 | D:1      | Jarnaxa the Minotaur Fighter began the quest for the Orb.
     0 | D:1      | Reached XP level 1. HP: 19/19 MP: 0/0
   141 | D:1      | Reached XP level 2. HP: 27/27 MP: 1/1
   398 | D:1      | Reached XP level 3. HP: 34/34 MP: 2/2
   788 | D:2      | Reached skill level 5 in Fighting
   850 | D:2      | Reached XP level 4. HP: 42/42 MP: 3/3
   915 | D:2      | Found Dupooqe's Book Emporium.
   971 | D:2      | Noticed Natasha
   980 | D:2      | Killed Natasha
  1523 | D:2      | Reached XP level 5. HP: 43/48 MP: 4/4
  1750 | D:2      | Noticed Natasha
  1756 | D:2      | Killed Natasha
  1757 | D:2      | Reached skill level 1 in Dodging
  1829 | D:2      | Noticed Natasha
  1834 | D:2      | Killed Natasha
  1835 | D:2      | Reached skill level 5 in Armour
  1863 | D:3      | Found a blossoming altar of Fedhas.
  1994 | D:3      | Reached XP level 6. HP: 55/56 MP: 5/5
  2007 | D:3      | Found Yjef's Armour Emporium.
  2235 | D:3      | Found a faded altar of an unknown god.
  2235 | D:3      | Found a white marble altar of Elyvilon.
  2242 | D:3      | Found an ancient bone altar of Kikubaaqudgha.
  2244 | D:3      | Found a shadowy altar of Dithmenos.
  2246 | D:3      | Found a shimmering altar of Xom.
  2256 | D:3      | Prayed at the altar of an unknown god.
  2256 | D:3      | Became a worshipper of the Wu Jian Council
  2256 | D:3      | Reached * piety under Wu Jian
  2578 | D:4      | Reached skill level 5 in Long Blades
  2711 | D:4      | Found a runed translucent door.
  3000 | D:4      | Noticed rlgrobin's ghost (amateur DsFi)
  3332 | D:4      | Reached ** piety under Wu Jian
  3333 | D:4      | Reached XP level 7. HP: 46/61 MP: 6/6
  3703 | D:4      | HP: 1/61 [rlgrobin's ghost (4)]
  3706 | D:4      | Killed rlgrobin's ghost
  3913 | D:5      | Entered Level 5 of the Dungeon
  3949 | D:5      | Noticed Blork the orc
  3962 | D:5      | Succumbed to Blork the orc's poison

Illustrated notes

Levels and vault maps discovered:
D:1:      psy_arrival_spokes, layout_basic, serial_rivers,
          chequers_serial_rivers_room_a, chequers_serial_rivers_room_b,
          chequers_serial_rivers_large_b, chequers_serial_rivers_micro_c,
          wad_floor_pattern_untrapped, st_stairs_2, minmay_ruptured
D:2:      minmay_razor_zed, layout_basic, serial_shops, nicolae_square_shop,
          uniq_natasha
D:3:      layout_basic, mainiacjoe_overflow_concentric_impassable,
          chequers_temple_overflow_minitemple, serial_shops, shop
D:4:      minmay_wonky_spiral, layout_basic, ebering_ghost_sewer_d,
          minmay_fractal_squares_diagonal_5
D:5:      layout_gridville, temple_garden, uniq_pikel, uniq_blork_the_orc,
          uniq_eustachio

Skill      XL: |  1  2  3  4  5  6  7 |
---------------+----------------------+-----
Fighting       | 4 5 |  5.7
Armour         | 4 5 6 |  6.8
Long Blades    | 3 4 5 6 |  6.3
Shields        | 4 |  4.6
Dodging        | 1 2 |  2.2
Stealth        | |  0.2

Action                     |  1- 3 |  4- 6 |  7- 9 || total
---------------------------+-------+-------+-------++-------
  Melee: Long sword        |    95 |   177 |    59 ||   331
         Headbutt          |    21 |    24 |     9 ||    54
Ability: Lunge             |       |     4 |     4 ||     8
         Whirlwind         |       |     1 |     1 ||     2
    Use: Scroll            |       |     8 |       ||     8
         Potion            |       |       |     2 ||     2
 Armour: Scale mail        |    47 |    88 |    44 ||   179
  Dodge: Dodged            |    60 |    74 |    35 ||   169
  Block: Buckler           |    17 |    36 |    21 ||    74
